 Dungeon Crawl Stone Soup version 0.19-a0-32-gbfd796a (webtiles) character file.

355 M4edhros the Insei (level 6, -2/36 HPs)
             Began as an Octopode Necromancer on May 2, 2016.
             Slain by an ogre
             ... wielding a cursed -2 giant spiked club
              (23 damage)
             ... on level 6 of the Dungeon.
             The game lasted 00:06:28 (961 turns).

M4edhros the Insei (Octopode Necromancer)            Turns: 961, Time: 00:06:28

Health: -2/36      AC:  1    Str:  8    XL:     6   Next: 63%
Magic:  2/9        EV: 12    Int: 17    God:
Gold:   139        SH:  0    Dex: 14    Spells: 3 memorised, 4 levels left

rFire  . . .     SeeInvis .       - Unarmed
rCold  . . .     Gourm    .     (no shield)
rNeg   . . .     Faith    .     (helmet restricted)
rPois  .         Spirit   .     d - amulet of rage
rElec  .         Dismiss  .     (no ring)
rCorr  .         Reflect  .     (no ring)
SustAt .         Harm     .     (no ring)
MR     .....                    (no ring)
Stlth  +++.......               (no ring)
                                (no ring)
                                (no ring)
                                (no ring)

@: very slightly contaminated, not resistant to hostile enchantments, fairly
stealthy
A: almost no armour, amphibious, 8 rings, constrict 8, camouflage 1, gelatinous
body 1
a: Evoke Berserk Rage


You were on level 6 of the Dungeon.
You were not hungry.

You visited 1 branch of the dungeon, and saw 6 of its levels.

You collected 139 gold pieces.

Inventory:

Missiles
 g - a throwing net (quivered)
Armour
 i - a cursed +0 buckler
Jewellery
 d - an amulet of rage (around mantle)
Scrolls
 e - a scroll of teleportation {unknown}
 j - a scroll of identify {unknown}
 k - a scroll of remove curse {unknown}
Potions
 c - a potion of lignification
 f - 4 potions of curing
 l - 2 potions of invisibility
Books
 a - a book of Necromancy

   Spells                             Type                      Level
   a - Pain                           Necromancy                   1
   b - Animate Skeleton               Necromancy                   1
   c - Vampiric Draining              Necromancy                   3
   d - Regeneration                   Charms/Necromancy            3
   e - Animate Dead                   Necromancy                   4
   f - Control Undead                 Necromancy                   4
Comestibles
 b - 2 bread rations
 m - a meat ration


   Skills:
 - Level 2.0 Dodging
 - Level 2.6 Stealth
 + Level 6.4 Unarmed Combat
 - Level 2.0 Spellcasting
 - Level 4.0 Necromancy


You had 4 spell levels left.
You knew the following spells:

 Your Spells              Type           Power        Failure   Level  Hunger
a - Pain                  Necr           ###.         3%          1    #......
b - Animate Skeleton      Necr           N/A          3%          1    #......
r - Regeneration          Chrm/Necr      #.........   24%         3    ###....


Dungeon Overview and Level Annotations

Branches:
Dungeon (6/15)
 Temple: D:4-7

Altars:
Fedhas
Makhleb
Pakellas
Zin

Shops:
D:4 }

Annotations:
D:2 Robin


Innate Abilities, Weirdness & Mutations

You cannot wear most types of armour.
You are amphibious.
You can wear up to eight rings at the same time.
You can use your tentacles to constrict eight enemies at once.
Your skin changes colour to match your surroundings (Stealth).
Your rubbery body absorbs attacks (AC +1).


Message History

You swing at nothing.
You swing at nothing.
You swing at nothing.
You swing at nothing.
You swing at nothing.
You swing at nothing.
You swing at nothing.
You are now empty-tentacled.
Casting: Regeneration
Confirm with . or Enter, or press ? or * to list all spells.
You miscast Regeneration.
Nothing appears to happen.
Found a stone staircase leading down.
There is a stone staircase leading down here.
An ogre comes into view. It is wielding a giant spiked club.
The ogre shouts!
You bludgeon the ogre!
The ogre is moderately wounded.
The ogre hits you with a giant spiked club!!
Ouch! That really hurt!
You die...

#⌠_.'.<.†###.####
###8####........#
## #......##.#
#.###### .# #.#
.# #.# .# #.# .#
#.#######O####
#....>..@....#
#.........##.#
#.######### #.#
#.# #.# #.# ..


You could see an ogre.

Vanquished Creatures
  An ice beast (D:5)
  A scorpion (D:5)
  A crimson imp (D:3)
  A hound (D:5)
  An iguana (D:4)
  2 worker ants (D:5)
  A howler monkey skeleton (D:4)
  4 adders
  A worm (D:2)
  A giant gecko (D:6)
  4 orcs
  A ball python (D:4)
  2 bats
  5 goblins
  3 hobgoblins
  2 jackals (D:1)
  A quokka (D:3)
  A giant newt (D:4)
  2 rats (D:3)
35 creatures vanquished.

Notes
Turn   | Place    | Note
--------------------------------------------------------------
     0 | D:1      | M4edhros the Octopode Necromancer began the quest for the Orb.
     0 | D:1      | Reached XP level 1. HP: 11/11 MP: 3/3
   115 | D:2      | Found a burning altar of Makhleb.
   153 | D:1      | Reached skill level 1 in Unarmed Combat
   180 | D:2      | Noticed Robin
   181 | D:2      | Reached XP level 2. HP: 3/17 MP: 0/5
   282 | D:1      | You fall through a shaft!
   328 | D:2      | Reached skill level 2 in Unarmed Combat
   330 | D:2      | Found a faded altar to an unknown god.
   349 | D:3      | Noticed a crimson imp
   371 | D:3      | Killed a crimson imp
   371 | D:3      | Reached skill level 3 in Unarmed Combat
   371 | D:3      | Reached XP level 3. HP: 16/21 MP: 3/6
   374 | D:3      | Learned a level 1 spell: Animate Skeleton
   378 | D:3      | Learned a level 3 spell: Regeneration
   442 | D:3      | Reached XP level 4. HP: 19/27 MP: 2/7
   605 | D:4      | Reached skill level 4 in Unarmed Combat
   715 | D:4      | Reached XP level 5. HP: 25/31 MP: 1/8
   750 | D:4      | Found an oddly glowing altar of Pakellas.
   750 | D:4      | Found Pakellas's Prime Provisions.
   773 | D:5      | Entered Level 5 of the Dungeon
   780 | D:5      | Reached skill level 5 in Unarmed Combat
   830 | D:5      | Noticed an ice beast
   855 | D:5      | Killed an ice beast
   855 | D:5      | Reached skill level 6 in Unarmed Combat
   855 | D:5      | Reached XP level 6. HP: 9/36 MP: 9/9
   914 | D:6      | Found a glowing silver altar of Zin.
   914 | D:6      | Found a blossoming altar of Fedhas.
   961 | D:6      | Slain by an ogre

Vault maps used:
D:1:      evilmike_arrival_rings, hex_large
D:2:      ecumenical_altar_2, bloody_makhleb, uniq_robin
D:3:      grunt_temple_overflow_open, first_bread
D:4:      johnstein_pakellas_shop
D:5:      minmay_temple_entry_enclosed_plants, uniq_duvessa, uniq_pikel
D:6:      tgw_trog, gammafunk_temple_overflow_wave

Skill      XL: |  1  2  3  4  5 |
---------------+----------------+-----
Unarmed Combat | 1 3 4 6 |  6.4
Dodging        | |  2.0
Stealth        | |  2.6
Spellcasting   | |  2.0
Necromancy     | |  4.0

Action                   |  1- 3 |  4- 6 || total
-------------------------+-------+-------++-------
Melee: Unarmed           |    19 |    66 ||    85
       Constrict         |     6 |     5 ||    11
       Tentacles         |     7 |    10 ||    17
       Punch             |       |     2 ||     2
 Cast: Pain              |    18 |     7 ||    25
       Regeneration      |     1 |     8 ||     9
  Use: Potion            |     3 |     3 ||     6
 Stab: Sleeping          |       |     3 ||     3
       Invisible         |       |     3 ||     3
       Distracted        |       |     1 ||     1
  Eat: Chunk             |       |     4 ||     4
Armor: Skin              |     5 |    15 ||    20
Dodge: Dodged            |     7 |    24 ||    31
